 Dungeon Crawl Stone Soup version 0.19-a0-1792-g28b16ba (webtiles) character file.

252 Alarkh the Grave Robber (level 5, -1/35 HPs)
             Began as a Mummy Necromancer on Oct 4, 2016.
             Was an Initiate of Okawaru.
             Killed from afar by Eustachio (15 damage)
             ... with a wand of flame
             ... on level 4 of the Dungeon.
             The game lasted 00:04:08 (3498 turns).

Alarkh the Grave Robber (Mummy Necromancer)         Turns: 3498, Time: 00:04:09

Health: -1/35      AC:  4    Str: 11    XL:     5   Next: 89%
Magic:  6/11       EV: 12    Int: 15    God:    Okawaru [......]
Gold:   135        SH:  0    Dex: 13    Spells: 3 memorised, 4 levels left

rFire  x . .     SeeInvis .     a - +2 spear (venom)
rCold  + . .     Gourm    .     f - +0 robe
rNeg   + + +     Faith    .     (no shield)
rPois  ∞         Spirit   .     g - +1 helmet
rElec  .         Dismiss  .     (no cloak)
rCorr  .         Reflect  .     (no gloves)
MR     .....     Harm     .     (no boots)
Stlth  ++........               (no amulet)
                                (no ring)
                                (no ring)

@: no status effects
A: no food or potions, fire vulnerability, cold resistance 1, negative energy
resistance 3, torment resistance, unbreathing
a: Renounce Religion


You were on level 4 of the Dungeon.
You worshipped Okawaru.
Okawaru was noncommittal.
You were not hungry.

You visited 2 branches of the dungeon, and saw 5 of its levels.

You collected 135 gold pieces.

Inventory:

Hand Weapons
 a - a +2 spear of venom (weapon)
 d - a +0 spear
Armour
 f - a +0 robe (worn)
 g - a +1 helmet (worn)
Scrolls
 c - a scroll of teleportation {unknown}
 e - 2 scrolls of identify {unknown}
Books
 b - a book of Necromancy

   Spells                             Type                      Level
   a - Pain                           Necromancy                   1
   b - Animate Skeleton               Necromancy                   1
   c - Vampiric Draining              Necromancy                   3
   d - Regeneration                   Charms/Necromancy            3
   e - Animate Dead                   Necromancy                   4
   f - Control Undead                 Necromancy                   4


   Skills:
 - Level 1.5 Dodging
 - Level 1.5 Stealth
 + Level 4.1 Spellcasting
 + Level 5.9 Necromancy


You had 4 spell levels left.
You knew the following spells:

 Your Spells              Type           Power        Failure   Level  Hunger
a - Pain                  Necr           ###.         1%          1    N/A
b - Vampiric Draining     Necr           ###.......   4%          3    N/A
c - Control Undead        Necr           ###.......   17%         4    N/A

Dungeon Overview and Level Annotations

Branches:
Dungeon (4/15)             Temple (1/1) D:4

Altars:
Ashenzari
Cheibriados
Dithmenos
Elyvilon
Fedhas
Gozag
Hepliaklqana
Kikubaaqudgha
Makhleb
Nemelex Xobeh
Okawaru
Qazlal
Ru
Sif Muna
Trog
Uskayaw
Vehumet
Xom
Yredelemnul
Zin
The Shining One

Annotations:
D:3 exclusion: 2 doors
D:4 Eustachio


Innate Abilities, Weirdness & Mutations

You do not eat or drink.
Your flesh is vulnerable to fire.
You are immune to poison.
Your flesh is cold resistant. (rC+)
You are immune to negative energy. (rN+++)
You are immune to unholy pain and torment.
You can survive without breathing.


Message History

Confirm with . or Enter, or press ? or * to list all spells.
Aiming: Pain
Press: ? - help, Shift-Dir - straight line, f/p - Eustachio
Aim: Eustachio, wielding a rapier, wearing a leather armour and carrying a wand of flame {zapped: 1} (moderately wounded, poisoned, chance to defeat MR: 80%) Eustachio writhes in agony!
Eustachio zaps a wand.
The puff of flame hits you! The fire burns you terribly!
Casting: Pain
Confirm with . or Enter, or press ? or * to list all spells.
You don't know that spell.
Eustachio twirls his moustache.
Eustachio zaps a wand.
The puff of flame hits you! The fire burns you terribly!
Casting: Pain
Confirm with . or Enter, or press ? or * to list all spells.
Aiming: Vampiric Draining
Press: ? - help, Shift-Dir - straight line, f/p - Eustachio
Aim: Eustachio, wielding a rapier, wearing a leather armour and carrying a wand of flame {zapped: 3} (heavily wounded, poisoned) Eustachio is heavily wounded.
You feel life coursing into your body.
Eustachio zaps a wand.
The puff of flame hits you! The fire burns you terribly!
You die...

.#.#.#....'.............
..........##..##..##...#
...#.#........##........
........................
........................
...............#..###.##
.#...#..>##.............
.........##.............
.......@................
.......@..........###...
........................
........................
.........#..............
........................
#........##.......#.....
......#... .#.#######...
.....


You could see Eustachio.

Vanquished Creatures
  Jessica (D:2)
  Ijyb (D:2)
  Terence (D:2)
  Robin (D:2)
  6 adders
  An ooze (D:3)
  A worm (D:2)
  3 dart slugs
  3 leopard geckos
  2 orcs (D:3)
  10 bats
  3 giant cockroaches (D:1)
  17 goblins
  15 hobgoblins
  4 jackals (D:2)
  2 quokkas
  A ball python (D:2)
  4 frilled lizards
  11 kobolds
  8 rats
95 creatures vanquished.

Notes
Turn   | Place    | Note
-------+----------+-------------------------------------------
     0 | D:1      | Alarkh the Mummy Necromancer began the quest for the Orb.
     0 | D:1      | Reached XP level 1. HP: 13/13 MP: 3/3
   174 | D:1      | Reached XP level 2. HP: 19/19 MP: 3/5
   623 | D:1      | Reached XP level 3. HP: 4/24 MP: 0/6
   820 | D:2      | Noticed Terence
  1171 | D:2      | Reached XP level 4. HP: 30/30 MP: 5/8
  1233 | D:2      | Noticed Robin
  1233 | D:2      | Reached skill level 5 in Necromancy
  1599 | D:1      | Learned a level 3 spell: Vampiric Draining
  1604 | D:1      | Learned a level 4 spell: Control Undead
  1873 | D:2      | Killed Robin
  1909 | D:2      | Noticed Jessica
  1915 | D:2      | Killed Jessica
  2011 | D:2      | Killed Terence
  2011 | D:2      | Reached XP level 5. HP: 16/35 MP: 6/10
  2104 | D:2      | Noticed Ijyb
  2115 | D:2      | Killed Ijyb
  2864 | D:3      | Found a basalt altar of Yredelemnul.
  3294 | D:4      | Noticed Eustachio
  3295 | D:4      | Found a staircase to the Ecumenical Temple.
  3304 | Temple   | Entered the Ecumenical Temple
  3471 | Temple   | Became a worshipper of Warmaster Okawaru
  3498 | D:4      | Killed from afar by Eustachio

Vault maps used:
D:1:      minmay_arrival_up_and_down, minmay_stone_trees_small,
          minmay_misc_feat_plants, minmay_misc_feat_rugged
D:2:      uniq_robin, uniq_jessica, uniq_terence, uniq_iyjb
D:3:      minmay_goblin_kobold_castle, old_standard_altar, first_bread
D:4:      serial_shops, shop, uniq_eustachio
Temple:   regret_index_temple_chain_breaker

Skill      XL: |  1  2  3  4  5 |
---------------+----------------+-----
Spellcasting   | 3 4 |  4.1
Necromancy     | 5 |  5.9
Dodging        | |  1.5
Stealth        | |  1.5

Action                   |  1- 3 |  4- 6 || total
-------------------------+-------+-------++-------
Melee: Unarmed           |     9 |       ||     9
       Spear             |    33 |   119 ||   152
 Cast: Pain              |    61 |    51 ||   112
       Vampiric Draining |       |     5 ||     5
 Stab: Sleeping          |     3 |     3 ||     6
Armor: Robe              |    10 |    31 ||    41
Dodge: Dodged            |    41 |   100 ||   141
